 Dungeon Crawl Stone Soup version 0.27-a0-1196-g3e9cee4cb2 (webtiles) character file.

Game seed: 11252197499319326419

130 bande the Shield-Bearer (level 5, -2/33 HPs)
             Began as a Gargoyle Fighter on May 27, 2021.
             Slain by a black bear (3 damage)
             ... on level 4 of the Dungeon.
             The game lasted 00:04:36 (2708 turns).

bande the Shield-Bearer (Gargoyle Fighter)          Turns: 2708, Time: 00:04:36

Health: -2/33      AC: 14    Str: 19    XL:     5   Next: 14%
Magic:  5/5        EV:  5    Int:  9    God:
Gold:   75         SH: 10    Dex: 16    Spells: 4/4 levels left

rFire    . . .     SeeInvis +   a - +0 war axe
rCold    . . .     Faith    +   c - +0 kite shield
rNeg     + . .     Spirit   .   l - +0 chain mail
rPois    ∞         Reflect  .   r - +0 helmet
rElec    +         Harm     .   (no cloak)
rCorr    .         Rampage  .   (no gloves)
Will     .....                  (no boots)
Stlth    ..........             g - amulet of faith
HPRegen  0.11/turn              f - ring of see invisible
MPRegen  0.09/turn              o - +6 ring of dexterity

@: mighty, brilliant, attractive
A: sickness immunity, AC +4, negative energy resistance 1, electricity
resistance, torment resistance 1, petrification resistance
a: no special abilities


You were on level 4 of the Dungeon.
You visited 1 branch of the dungeon, and saw 4 of its levels.

You collected 75 gold pieces.

Inventory:

Hand Weapons
 a - a +0 war axe (weapon)
Armour
 c - a +0 kite shield (worn)
 l - a +0 chain mail (worn)
 r - a +0 helmet (worn)
Jewellery
 f - a ring of see invisible (left hand)
 g - an amulet of faith (around neck)
 o - a +6 ring of dexterity (right hand)
 p - a ring of fire
 q - a ring of poison resistance
Scrolls
 b - 3 scrolls of teleportation {unknown}
 j - 2 scrolls of identify {unknown}
 m - a scroll of enchant weapon {unknown}
 s - a scroll of noise {unknown}
Potions
 i - a potion of haste {unknown}
 k - a potion of curing {unknown}
 n - a potion of mutation {unknown}


   Skills:
 + Level 3.9 Fighting
 + Level 3.3 Axes
 + Level 4.0 Armour
 + Level 0.1 Dodging
 + Level 4.0 Shields


You had 4 spell levels left.
You didn't know any spells.
Your spell library contained the following spells:

 Spells                   Type           Power      Damage    Failure   Level
 Confusing Touch          Hex            0%         N/A       100%        3
 Gell's Gravitas          Tloc           0%         N/A       100%        3
 Petrify                  Tmut/Erth      0%         N/A       100%        4
 Metabolic Englaciation   Hex/Ice        0%         N/A       100%        5
 Yara's Violent Unravell  Hex/Tmut       0%         3d3       100%        5


Dungeon Overview and Level Annotations

Branches:
Dungeon (4/15)
 Temple: D:4-7

Altars:
Gozag


Innate Abilities, Weirdness & Mutations

You are immune to sickness and miasma.
Your stone body is resilient. (AC +4)
You are immune to poison.
You resist negative energy. (rN+)
You are resistant to electric shocks. (rElec)
You are resistant to unholy torment.
You are immune to petrification.


Message History

You slash the black bear!
The black bear is heavily wounded.
You slash the gnoll! You block the gnoll's attack.
You block the black bear's attack. The black bear claws you.
You block the black bear's attack. You block the gnoll's attack.
Your chain mail prevents you from hitting the black bear.
The black bear is heavily wounded.
You miss the goblin. You hit the gnoll.
You kill the gnoll!
You block the black bear's attack. x2; The black bear barely misses you.
The goblin completely misses you. The black bear bites you.
* * * LOW HITPOINT WARNING * * *
The black bear claws you but does no damage. x2
The goblin hits you with a +0 dagger.
* * * LOW HITPOINT WARNING * * *
Your Armour skill increases to level 4!
You hit the black bear.
The black bear is severely wounded.
You closely miss the goblin. The black bear bites you.
* * * LOW HITPOINT WARNING * * *
The black bear claws you but does no damage. x2
You block the goblin's attack.
Your shield and chain mail prevent you from hitting the black bear.
The black bear is severely wounded.
You miss the goblin. You block the black bear's attack.
The black bear claws you but does no damage.
You block the black bear's attack. The goblin hits you but does no damage.
The black bear bites you but does no damage.
The black bear claws you but does no damage. x2
The goblin hits you with a +0 dagger.
* * * LOW HITPOINT WARNING * * *
It was a potion of attraction.
You feel attractive to monsters. You block the black bear's attack.
The black bear claws you but does no damage. x2
You block the goblin's attack.
It was a potion of brilliance.
You feel clever all of a sudden. The black bear bites you.
You die...

### .. #.
######.###
.......<.#
......)@h#
.......g.#
.....(...#
.........#
.........#
.........#
######.###
#.


You could see a black bear and a goblin.

Vanquished Creatures
  4 gnolls
  An adder (D:2)
  A worm (D:2)
  2 orcs (D:3)
  6 bats
  10 endoplasms
  5 giant cockroaches (D:1)
  5 goblins
  6 hobgoblins
  7 jackals (D:2)
  A quokka (D:1)
  7 ball pythons
  2 frilled lizards (D:1)
  10 kobolds
  7 rats
74 creatures vanquished.

Notes
Turn   | Place    | Note
-------+----------+-------------------------------------------
     0 | D:1      | bande the Gargoyle Fighter began the quest for the Orb.
     0 | D:1      | Reached XP level 1. HP: 14/14 MP: 1/1
    70 | D:1      | Reached XP level 2. HP: 19/19 MP: 2/2
   409 | D:1      | Reached XP level 3. HP: 18/23 MP: 3/3
   518 | D:1      | Found a faded altar of an unknown god.
  1620 | D:2      | Reached XP level 4. HP: 29/29 MP: 4/4
  2334 | D:3      | Found an opulent altar of Gozag.
  2491 | D:3      | Reached XP level 5. HP: 20/33 MP: 5/5
  2700 | D:4      | Noticed a black bear
  2706 | D:4      | HP: 1/33 [goblin/+0 dagger (3)]
  2708 | D:4      | Slain by a black bear

Illustrated notes

Levels and vault maps discovered:
D:1:      elethiomel_arrival_shortcut, layout_loops_ring,
          hellmonk_ecumenical_altar_crossroads, nrook_loot_triangle
D:2:      layout_loops_ring
D:3:      layout_loops_corners, lemuel_coloured_pillars_altar, grunt_decor_cap,
          kennysheep_cross_room
D:4:      layout_basic, minmay_temple_entry_steel_oval

Skill      XL: |  1  2  3  4  5 |
---------------+----------------+-----
Axes           | 2 3 |  3.3
Shields        | 4 |  4.0
Armour         | 4 |  4.0
Fighting       | |  3.9
Dodging        | |  0.1

Action                   |  1- 3 |  4- 6 || total
-------------------------+-------+-------++-------
Melee: War axe           |   132 |    74 ||   206
  Use: Potion            |       |     3 ||     3
Armor: Scale mail        |    48 |       ||    48
       Chain mail        |    22 |    63 ||    85
Dodge: Dodged            |    43 |    24 ||    67
Block: Kite shield       |    74 |    64 ||   138

Table legend: (Time is in decaauts)
 A = Elapsed time spent in this place.
 B = Non-inter-level travel time spent in this place.
 C = Inter-level travel time spent in this place.
 D = Time resting spent in this place.
 E = Time spent auto-exploring this place.
 F = Levels seen in this place.
 G = Mean time per level.
                   A        B        C        D        E       F      G
               +--------+--------+--------+--------+--------+-----+--------+
         Total |   2834 |   2820 |     14 |    322 |   1778 |   4 |  708.5 |
       Dungeon |   2834 |   2820 |     14 |    322 |   1778 |   4 |  708.5 |
               +--------+--------+--------+--------+--------+-----+--------+

Top non-repeatable levels by time:
     D:1: 1184 daAuts
     D:2: 1095 daAuts
     D:3: 545 daAuts
     D:4: 9 daAuts
